 Dungeon Crawl Stone Soup version 0.30.0-11-gf55b779eaf (webtiles) character file.

Game seed: 9845170624980758630

535 monsoonserge the Sneak (level 7, -2/48 HPs)
             Began as a Formicid Enchanter on May 16, 2023.
             Was an Initiate of Wu Jian.
             Killed by divine providence
             ... invoked by an orc priest
              (13 damage)
             ... on level 4 of the Dungeon.
             The game lasted 00:11:12 (3096 turns).

monsoonserge the Sneak (Formicid Enchanter)         Turns: 3096, Time: 00:11:13

Health: -2/48      AC:  5    Str: 13    XL:     7   Next: 50%
Magic:  0/11       EV: 13    Int: 16    God:    Wu Jian [......]
Gold:   296        SH:  0    Dex: 14    Spells: 4/12 levels left

rFire   . . .        a - +1 dagger
rCold   . . .        (no shield)
rNeg    . . .        b - +0 robe
rPois   .            (helmet unavailable)
rElec   .            f - +2 cloak
rCorr   .            (no gloves)
SInv    +            (no boots)
Will    .....        (no amulet)
Stlth   +++          d - ring of flight
HPRegen 0.28/turn    (no ring)
MPRegen 0.12/turn

%: no passive effects
@: flying
A: permanent stasis, dig shafts and tunnels, antennae 3, four strong arms
a: Dig, Shaft Self, Renounce Religion


You were on level 4 of the Dungeon.
You worshipped Wu Jian.
Wu Jian was noncommittal.
You visited 1 branch of the dungeon, and saw 4 of its levels.

You collected 296 gold pieces.

Inventory:

Hand Weapons
 a - a +1 dagger (weapon)
Missiles
 l - 14 poisoned darts
 p - a throwing net
 r - 3 javelins
Armour
 b - a +0 robe (worn)
 f - a +2 cloak (worn)
 j - a +0 ring mail
Jewellery
 d - a ring of flight (left hand)
 e - an amulet of guardian spirit
Scrolls
 g - 5 scrolls of identify {unknown}
 n - a scroll of teleportation {unknown}
 q - 3 scrolls of fear {unknown}
Potions
 c - 2 potions of invisibility
 h - a potion of lignification {unknown}
 i - a potion of degeneration {unknown}
 k - a potion of mutation {unknown}
 m - a potion of ambrosia {unknown}
 o - a potion of haste {unknown}
 s - a potion of brilliance {unknown}


   Skills:
 + Level 1.2 Fighting
 + Level 3.1 Short Blades
 + Level 3.0 Dodging
 + Level 6.5 Stealth
 + Level 3.1 Spellcasting
 - Level 1.0 Conjurations
 + Level 5.2 Hexes
 - Level 1.0 Ice Magic


You had 4 spell levels left.
You knew the following spells:

 Your Spells              Type           Power      Damage    Failure   Level
a - Ensorcelled Hibernat  Hex/Ice        24%        N/A       8%          2
b - Confusing Touch       Hex            19%        N/A       7%          3
c - Dazzling Flash        Conj/Hex       24%        N/A       16%         3

Your spell library contained the following spells:

 Spells                   Type           Power      Damage    Failure   Level
 Tukima's Dance           Hex            19%        N/A       7%          3
 Portal Projectile        Hex/Tloc       20%        N/A       19%         3
 Scorch                   Fire           4%         2d5       28%         2
 Flame Wave               Conj/Fire      4%         2d5       83%         4
 Blade Hands              Tmut           1%         N/A       99%         5
 Summon Cactus Giant      Summ           1%         N/A       100%        6


Dungeon Overview and Level Annotations

Branches:
Dungeon (4/15)
 Temple: D:4-7

Altars:
Wu Jian
Zin


Innate Abilities, Weirdness & Mutations

You cannot be hasted, slowed, berserked, paralysed or teleported.
You can dig through walls and to a lower floor.
You have a pair of large antennae on your head. (SInv)
Your four strong arms can wield two-handed weapons with a shield.


Message History

Aiming: Ensorcelled Hibernation (safe; 8% risk of failure)
Press: ? - help, Shift-Dir - straight line, f/p - orc
Aim: an orc, wielding a +1 vampiric short sword and wearing a +0 chain mail (chance to affect: 63%)
The orc looks drowsy...
The helpless orc fails to defend itself.
You impale the orc!!
You kill the orc!
The Council accepts your kill.
Casting: Ensorcelled Hibernation (safe; 8% risk of failure)
Confirm with . or Enter, or press ? or * to list all spells.
Aiming: Ensorcelled Hibernation (safe; 8% risk of failure)
Press: ? - help, Shift-Dir - straight line, f - kobold
Aim: a kobold, wielding a +0 dagger and quivering stones (chance to affect: 63%)
The kobold looks drowsy...
The orc priest invokes the aid of Beogh against you.
Pain shoots through your body!
You lunge at the orc priest, in a flurry of attacks.
You hit the orc priest.
The orc priest is moderately wounded.
You hit the orc priest.
The orc priest is heavily wounded.
The orc priest invokes the aid of Beogh against you.
Beogh smites you!
* * * LOW HITPOINT WARNING * * *
Casting: Ensorcelled Hibernation (safe; 8% risk of failure)
Confirm with . or Enter, or press ? or * to list all spells.
Aiming: Ensorcelled Hibernation (safe; 8% risk of failure)
Press: ? - help, Shift-Dir - straight line, f - orc priest
Aim: an orc priest, wielding a +0 mace and wearing a +0 scale mail (heavily wounded, chance to affect: 46%)
The orc priest resists with some effort.
The orc priest hits you but does no damage.
Casting: Ensorcelled Hibernation (safe; 8% risk of failure)
Confirm with . or Enter, or press ? or * to list all spells.
Aiming: Ensorcelled Hibernation (safe; 8% risk of failure)
Press: ? - help, Shift-Dir - straight line, f/p - orc priest
Aim: an orc priest, wielding a +0 mace and wearing a +0 scale mail (heavily wounded, chance to affect: 46%)
The orc priest resists with some effort.
The orc priest invokes the aid of Beogh against you.
Beogh smites you!
You die...

............##
##.....#.##
#########....###
######....†.....#.#
#.........#######.#
# #.........### #.#
#.##...........#
#÷#
#.......o......#
#.#####
##.....@.....#
#......
###.###...###
#[.#### #.# #...#
#<)# #.# ##.## #..#
#.####.# #..#
#......# #..#
#####..# #..#
#######....# #..#
..........## #..#


You could see an orc priest.

Vanquished Creatures
  Sigmund (D:2)
  An orc warrior (D:4)
  2 hounds (D:4)
  An iguana (D:4)
  7 gnolls
  5 adders
  A worm (D:2)
  A dart slug (D:1)
  2 orcs (D:4)
  4 ball pythons
  5 bats
  9 endoplasms
  3 goblins
  8 hobgoblins
  6 jackals (D:1)
  3 quokkas
  5 frilled lizards
  4 kobolds
  9 rats
77 creatures vanquished.

Notes
Turn   | Place    | Note
-------+----------+-------------------------------------------
     0 | D:1      | monsoonserge the Formicid Enchanter began the quest for the
                  | Orb.
     0 | D:1      | Reached XP level 1. HP: 13/13 MP: 3/3
    54 | D:1      | Found a faded altar of an unknown god.
    93 | D:1      | Reached XP level 2. HP: 19/19 MP: 5/5
   106 | D:1      | Learned a level 2 spell: Ensorcelled Hibernation
   497 | D:1      | Reached XP level 3. HP: 24/24 MP: 1/6
   501 | D:1      | Learned a level 3 spell: Confusing Touch
   753 | D:2      | Noticed Sigmund
   770 | D:2      | Killed Sigmund
   771 | D:2      | Reached skill level 1 in Fighting
   771 | D:2      | Reached skill level 5 in Stealth
   771 | D:2      | Reached skill level 1 in Ice Magic
   771 | D:2      | Reached XP level 4. HP: 18/32 MP: 0/8
   771 | D:2      | Reached XP level 5. HP: 21/37 MP: 0/9
   771 | D:2      | Reached XP level 6. HP: 25/43 MP: 0/10
   775 | D:2      | Learned a level 3 spell: Dazzling Flash
  1731 | D:2      | You are sucked into a shaft and drop 1 floor!
  1731 | D:3      | Found an ornate altar of the Wu Jian Council.
  1739 | D:3      | Became a worshipper of the Wu Jian Council
  2862 | D:4      | Found a glowing silver altar of Zin.
  2871 | D:4      | Reached skill level 1 in Conjurations
  2871 | D:4      | Reached XP level 7. HP: 41/48 MP: 8/11
  2891 | D:4      | Reached skill level 6 in Stealth
  3038 | D:4      | Reached skill level 5 in Hexes
  3096 | D:4      | Killed from afar by an orc priest

Illustrated notes

Levels and vault maps discovered:
D:1:      nicolae_arrival_memento_mori, layout_rooms,
          dreamdust_ecumenical_altar_statues, eino_curves_03,
          minmay_misc_feat_encased, kennysheep_boxes
D:2:      layout_basic, minmay_tetromino_o4, uniq_sigmund
D:3:      layout_loops_ring, nicolae_wu_jian_immortal_techniques
D:4:      layout_loops_ring, mainiacjoe_overflow_chevrons,
          mainiacjoe_overflow_big_doors

Skill      XL: |  1  2  3  4  5  6  7 |
---------------+----------------------+-----
Hexes          | 4 5 |  5.2
Dodging        | 2 3 |  3.0
Fighting       | 1 |  1.2
Short Blades   | 2 3 |  3.1
Stealth        | 5 6 |  6.5
Ice Magic      | 1 |  1.0
Conjurations   | 1 |  1.0
Spellcasting   | 3 |  3.1

Action                     |  1- 3 |  4- 6 |  7- 9 || total
---------------------------+-------+-------+-------++-------
  Melee: Dagger            |    79 |   146 |    37 ||   262
         Punch             |       |       |     1 ||     1
   Cast: Ensorcelled Hiber |     7 |    22 |    12 ||    41
         Confusing Touch   |     1 |       |       ||     1
Ability: Lunge             |       |    10 |     3 ||    13
   Stab: Sleeping          |    11 |    27 |     8 ||    46
         Confused          |     1 |       |       ||     1
 Armour: Robe              |    27 |    21 |     4 ||    52
  Dodge: Dodged            |    61 |    85 |    18 ||   164
